 Dungeon Crawl Stone Soup version 0.17-a0-2101-g0c122e7 (webtiles) character file.

3922 pk666 the Fighter (level 10, -5/144 HPs)
             Began as a Minotaur Berserker on Oct 18, 2015.
             Was a High Priest of Trog.
             Slain by a hill giant
             ... wielding a +0 giant club
              (39 damage)
             ... on level 8 of the Dungeon.
             The game lasted 00:20:54 (7243 turns).

pk666 the Fighter (Minotaur Berserker)              Turns: 7243, Time: 00:20:55

Health: -5/144     AC: 10    Str: 28    XL:     10   Next: 1%
Magic:  9/9        EV: 11    Int:  4    God:    Trog [*****.]
Gold:   481        SH:  0    Dex: 12    Spells: 0 memorised, 9 levels left

rFire  . . .     SeeInvis .     K - +1 battleaxe
rCold  . . .     Clarity  .     y - +1 ring mail {MR+}
rNeg   . . .     SustAt   .     (no shield)
rPois  +         Gourm    .     (helmet restricted)
rElec  .         Spirit   .     q - +1 cloak {rPois}
rCorr  .         Warding  .     (no gloves)
rMut   .         Stasis   .     (no boots)
MR     ++...                    (no amulet)
Stlth  ..........               G - ring of protection from magic
                                (no ring)

@: berserking, very quick, very resistant to hostile enchantments, extremely
unstealthy
A: retaliatory headbutt, horns 2
a: Burn Spellbooks, Berserk, Trog's Hand, Brothers in Arms, Renounce Religion


You were on level 8 of the Dungeon.
You worshipped Trog.
Trog was extremely pleased with you.
You were not hungry.

You visited 2 branches of the dungeon, and saw 9 of its levels.
You also visited: Sewer.

You collected 481 gold pieces.

Inventory:

Hand Weapons
 a - a +0 hand axe
 x - a +0 war axe
 K - a +1 battleaxe (weapon)
Armour
 p - a +1 scale mail
 q - a +1 cloak of poison resistance (worn)
 y - a +1 ring mail of magic resistance (worn)
 C - a +0 chain mail of magic resistance
Jewellery
 G - a ring of protection from magic (right hand)
Wands
 z - a wand of lightning (14)
 I - a wand of flame (17)
 Q - a wand of magic darts (18)
 R - a wand of fire (7)
Scrolls
 d - a scroll of noise
 e - a scroll of amnesia
 h - 3 scrolls of identify
 k - a scroll of remove curse
 n - a scroll of immolation {unknown}
 o - a scroll of fear
 t - 2 scrolls of teleportation {unknown}
 A - a scroll of recharging
 D - 2 scrolls of fog {unknown}
 E - a scroll of enchant weapon
 M - 2 scrolls of magic mapping {unknown}
 N - a scroll of blinking {unknown}
Potions
 b - 3 potions of brilliance
 f - 2 potions of haste
 l - 2 potions of heal wounds
 m - a potion of ambrosia {unknown}
 s - 2 potions of might
 u - a potion of berserk rage {unknown}
 v - 3 potions of magic
 w - a potion of mutation {unknown}
 B - 3 potions of curing
 F - 4 potions of agility
 J - 2 potions of cancellation {unknown}
 L - 2 potions of poison {unknown}
Books
 i - an Akashic Record

   Spells                             Type                      Level
   a - Dispersal                      Translocation                6
   b - Controlled Blink               Translocation                7
   c - Malign Gateway                 Summoning/Translocation      7
   d - Disjunction                    Translocation                8
   Trog disapproves of the use of such an item.
Comestibles
 c - 9 bread rations
 g - a slice of pizza
 j - 5 fruits
 r - a royal jelly
 H - 4 meat rations
 O - a beef jerky


   Skills:
 * Level 11.4 Fighting
 * Level 11.3 Axes
 + Level 8.0 Armour
 - Level 2.1 Dodging


You had 9 spell levels left.
You didn't know any spells.

Dungeon Overview and Level Annotations

Branches:
Dungeon (8/15)             Temple (1/1) D:5
   Lair: D:8-11

Altars:
Ashenzari
Dithmenos
Elyvilon
Fedhas
Gozag
Makhleb
Okawaru
Qazlal
Ru
Sif Muna
Trog
Vehumet
Xom
Yredelemnul
Zin
The Shining One

Shops:
D:8 (


Innate Abilities, Weirdness & Mutations

You reflexively headbutt those who attack you in melee.
You have a pair of horns on your head.


Message History

The hill giant hits you with a giant club!
You hit the hill giant.
The hill giant is lightly wounded.
The hill giant hits you with a giant club!!
You hit the hill giant. You headbutt the hill giant.
The hill giant is lightly wounded.
The hill giant hits you with a giant club!!
* * * LOW HITPOINT WARNING * * *
Use which ability?
A red film seems to cover your vision as you go berserk!
You feel yourself moving faster!
You feel mighty!
You feel quite a bit more hungry.
The hill giant hits you with a giant club.
* * * LOW HITPOINT WARNING * * *
You slice the hill giant!!
The hill giant is heavily wounded.
You slash the hill giant!
The hill giant is severely wounded.
The hill giant hits you with a giant club!!!
You die...

#..... #..## .≈≈#
....# .8≈## ...p#
∩..' #[#p# .8≈
#)#p#.# .≈ #.#.#.#
##'# (.#.#.# #C.#
(##.#.# #@# (##.#.#
#.# (##.#.# #.#
....#.# #.#########
)).##.# #..........
(.....# #..########
...#..##########..#
..##..............#
.###.############.#


You could see a hill giant.

Vanquished Creatures
  Pikel (D:8)
  Grinder (D:4)
  Prince Ribbit (D:7)
  A spriggan (D:7)
  Sigmund (D:6)
  Duvessa (D:6)
  A phantom (D:7)
  3 sky beasts
  2 orc warriors
  A slave (D:8)
  An ogre (D:7)
  2 giant frogs
  Blork the orc (D:6)
  4 big kobolds
  Dowan (D:6)
  3 scorpions
  2 crimson imps
  3 jellies
  A centaur zombie (D:5)
  3 giant frog skeletons
  A hound (D:5)
  Crazy Yiuf (D:7)
  7 orc wizards
  5 orc priests
  3 worker ants
  6 iguanas
  A gnoll shaman (D:7)
  A killer bee zombie (D:8)
  A hound zombie (D:5)
  2 hound skeletons
  A worker ant zombie (D:5)
  3 gnolls (D:7)
  10 adders
  A river rat (Sewer)
  3 shadow imps
  An ooze (D:3)
  4 adder zombies
  5 worms
  3 giant geckos
  26 orcs
  A ball python (D:3)
  5 giant cockroaches
  8 goblins
  6 hobgoblins
  12 jackals
  3 quokkas
  5 bats
  A giant gecko zombie (D:5)
  8 giant newts
  16 kobolds
  A quokka skeleton (D:4)
  2 quokka zombies (D:5)
  16 rats
203 creatures vanquished.

Vanquished Creatures (others)
  A kobold (D:8)
1 creature vanquished.

Grand Total: 204 creatures vanquished

Notes
Turn   | Place    | Note
--------------------------------------------------------------
     0 | D:1      | pk666 the Minotaur Berserker began the quest for the Orb.
     0 | D:1      | Reached XP level 1. HP: 19/19 MP: 0/0
   160 | D:1      | Reached skill level 4 in Fighting
   160 | D:1      | Reached XP level 2. HP: 12/27 MP: 1/1
   821 | D:1      | Reached ** piety under Trog
   905 | D:2      | Reached XP level 3. HP: 30/33 MP: 2/2
  1554 | D:3      | Found a bloodstained altar of Trog.
  1572 | D:3      | Found a shimmering altar of Xom.
  1593 | D:3      | Reached XP level 4. HP: 30/41 MP: 3/3
  1770 | D:3      | Reached *** piety under Trog
  1796 | D:3      | Found a burning altar of Makhleb.
  1798 | D:3      | Found a glowing silver altar of Zin.
  1799 | D:3      | Noticed a blizzard demon
  1799 | D:3      | Noticed an angel
  1875 | D:3      | Reached skill level 5 in Fighting
  2011 | D:3      | Found a white marble altar of Elyvilon.
  2011 | D:3      | Found an opulent altar of Gozag.
  2086 | D:3      | Found a glowing drain.
  2113 | Sewer    | Entered a sewer
  2188 | Sewer    | Noticed a big kobold necromancer
  2194 | Sewer    | Killed a big kobold necromancer
  2194 | Sewer    | Reached skill level 5 in Axes
  2194 | Sewer    | Reached XP level 5. HP: 43/49 MP: 4/4
  2217 | Sewer    | Noticed a big kobold necromancer
  2230 | Sewer    | Killed a big kobold necromancer
  2252 | Sewer    | Reached skill level 6 in Fighting
  2302 | Sewer    | Noticed a big kobold necromancer
  2315 | Sewer    | Killed a big kobold necromancer
  2315 | Sewer    | Reached XP level 6. HP: 49/57 MP: 5/5
  2687 | D:4      | Found a shadowy altar of Dithmenos.
  2688 | D:4      | Noticed Grinder
  2849 | D:4      | Paralysed by Grinder for 3 turns
  2853 | D:4      | Killed Grinder
  2853 | D:4      | Reached skill level 7 in Fighting
  2853 | D:4      | Reached XP level 7. HP: 36/66 MP: 6/6
  2968 | D:4      | Reached **** piety under Trog
  3048 | D:4      | You fall through a shaft for 3 floors!
  3154 | D:7      | Noticed a spriggan baker
  3157 | D:7      | Killed a spriggan baker
  3157 | D:7      | Reached skill level 5 in Armour
  3340 | D:7      | Reached skill level 8 in Fighting
  3340 | D:7      | Reached XP level 8. HP: 32/74 MP: 7/7
  3505 | D:6      | Noticed Duvessa
  3507 | D:6      | Killed Duvessa
  3508 | D:6      | Noticed Dowan
  3512 | D:6      | Killed Dowan
  3541 | D:6      | Noticed Sigmund
  3565 | D:6      | Killed Sigmund
  3572 | D:6      | Noticed Blork the orc
  3579 | D:6      | Killed Blork the orc
  3642 | D:5      | Entered Level 5 of the Dungeon
  3664 | D:5      | Reached skill level 9 in Fighting
  4609 | D:5      | Reached XP level 9. HP: 85/85 MP: 8/8
  4636 | D:5      | Found a staircase to the Ecumenical Temple.
  4664 | Temple   | Entered the Ecumenical Temple
  5597 | D:6      | Reached ***** piety under Trog
  5606 | D:6      | Reached skill level 10 in Fighting
  5936 | D:7      | Reached skill level 10 in Axes
  6419 | D:7      | Noticed Prince Ribbit
  6425 | D:7      | Killed Prince Ribbit
  6676 | D:7      | Noticed Crazy Yiuf
  6681 | D:7      | Killed Crazy Yiuf
  6914 | D:8      | Found an iron altar of Okawaru.
  6936 | D:8      | Reached skill level 11 in Fighting
  7170 | D:8      | Noticed Pikel
  7180 | D:8      | Killed Pikel
  7192 | D:8      | Reached XP level 10. HP: 71/96 MP: 9/9
  7233 | D:8      | Noticed a hill giant
  7234 | D:8      | Found Luni's Antique Weapon Shoppe.
  7243 | D:8      | Slain by a hill giant

Vault maps used:
D:1:      eino_arrival_cavern_d
D:3:      grunt_temple_overflow_order_and_chaos_2, overflow_temple_1_default,
          old_standard_altar, amethyst_overflow_temple_binary,
          portal_sewer_entry_b
D:4:      lemuel_crystal_altar, enter_ossuary_2, uniq_grinder
D:5:      temple_statues, serial_undead, serial_undead_e, serial_undead_b,
          serial_undead_f, serial_undead_c, first_bread
D:6:      serial_bayou_pond_e, kennysheep_generic_room_12, uniq_duvessa,
          uniq_blork_the_orc, uniq_sigmund
D:7:      kennysheep_minor_cross, the_bakery, uniq_crazy_yiuf_cottage,
          uniq_prince_ribbit1
D:8:      okawaru_metal_pillars_1_2, serial_shops, kennysheep_little_box, shop,
          shop, kennysheep_just_a_vault, uniq_pikel, uniq_grum
Temple:   hc_temple_tempest_star
Sewer:    sewer_kobold_necro_badplayer

Action                   |  1- 3 |  4- 6 |  7- 9 | 10-12 || total
-------------------------+-------+-------+-------+-------++-------
Melee: Hand axe          |   118 |    12 |       |       ||   130
       War axe           |       |    86 |    58 |       ||   144
       Battleaxe         |       |       |   182 |     6 ||   188
Invok: Berserk           |       |       |     5 |     1 ||     6
  Use: Scroll            |       |       |    15 |       ||    15
  Eat: Chunk             |     2 |     4 |    18 |     1 ||    25
       Fruit             |       |       |     1 |       ||     1
